 Dungeon Crawl Stone Soup version 0.31-a0-971-g75a2e9a4b4 (webtiles) character file.

Game seed: 10773575479967959656

16074 pokeman the Eclecticist (level 12, -2/68 HPs)
             Began as a Deep Elf Hedge Wizard on Oct 28, 2023.
             Was an Elder of Vehumet.
             Hit by a large rock thrown by a cyclops (8 damage)
             ... on level 11 of the Dungeon.
             The game lasted 00:32:32 (13648 turns).

pokeman the Eclecticist (Deep Elf Hedge Wizard)    Turns: 13648, Time: 00:32:32

Health: -2/68      AC: 15    Str:  7    XL:     12   Next: 6%
Magic:  16/44      EV: 11    Int: 28    God:    Vehumet [****..]
Gold:   695        SH:  5    Dex: 14    Spells: 34/46 levels left

rFire   . . .        n - +3 spear (venom)
rCold   . . .        (no shield)
rNeg    + . .        T - +3 ring mail of the Monkey's Uncle {MP+9 Int+3}
rPois   .            c - +0 hat
rElec   .            (no cloak)
rCorr   .            h - +2 pair of gloves
SInv    +            y - +2 pair of boots
Will    +....        z - amulet of reflection
Stlth   ++           r - ring of positive energy
HPRegen 0.31/turn    M - ring of see invisible
MPRegen 0.29/turn

%: reflection
@: no status effects
A: no striking features
a: Renounce Religion


You were on level 11 of the Dungeon.
You worshipped Vehumet.
Vehumet was greatly pleased with you.
You visited 2 branches of the dungeon, and saw 12 of its levels.
You also visited: Sewer.

You collected 695 gold pieces.

Inventory:

Hand Weapons
 n - a +3 spear of venom (weapon)
 v - a +2 dagger of chaos
Missiles
 A - 5 curare-tipped darts
Armour
 c - a +0 hat (worn)
 h - a +2 pair of gloves (worn)
 j - a +2 robe of cold resistance
 y - a +2 pair of boots (worn)
 J - an orb of energy
 N - +0 swamp dragon scales
 T - the +3 ring mail of the Monkey's Uncle (worn) {MP+9 Int+3}
   (You found it on level 10 of the Dungeon)

   Int+3:     It affects your intelligence (+3).
   MP+9:      It affects your magic capacity (+9).
Jewellery
 a - an amulet of guardian spirit
 p - an amulet of faith
 r - a ring of positive energy (left hand)
 z - an amulet of reflection (around neck)
 G - a +6 ring of strength
 L - an amulet of regeneration
 M - a ring of see invisible (right hand)
Wands
 q - a wand of paralysis (7)
 P - a wand of light (10)
 S - a wand of flame (10)
 V - a wand of polymorph (7)
Scrolls
 b - 9 scrolls of identify {unknown}
 g - 2 scrolls of enchant armour {unknown}
 m - a scroll of amnesia {unknown}
 o - 5 scrolls of fog {unknown}
 s - a scroll of revelation {unknown}
 t - 2 scrolls of fear {unknown}
 u - 3 scrolls of teleportation {unknown}
 B - 4 scrolls of enchant weapon {unknown}
 C - a scroll of brand weapon {unknown}
 F - 2 scrolls of poison {unknown}
 O - a scroll of immolation {unknown}
 R - a scroll of vulnerability {unknown}
 U - a scroll of blinking {unknown}
Potions
 d - 2 potions of magic
 e - 3 potions of mutation {unknown}
 f - a potion of invisibility {unknown}
 i - 4 potions of haste {unknown}
 k - 3 potions of curing {unknown}
 l - a potion of lignification {unknown}
 w - a potion of degeneration {unknown}
 x - 3 potions of might {unknown}
 D - a potion of enlightenment {unknown}
 E - 2 potions of heal wounds {unknown}
 H - 2 potions of cancellation {unknown}
 I - a potion of brilliance {unknown}
 K - a potion of attraction {unknown}
 Q - a potion of resistance {unknown}


   Skills:
 - Level 5.1 Fighting
 + Level 5.4 Armour
 - Level 4.0 Dodging
 - Level 3.0 Stealth
 * Level 17.6 Spellcasting
 + Level 10.5 Conjurations
 - Level 1.1 Summonings
 - Level 1.1 Translocations
 + Level 4.3 Fire Magic
 - Level 1.0 Air Magic
 - Level 1.0 Poison Magic
 - Level 2.1 Evocations


You had 34 spell levels left.
You knew the following spells:

 Your Spells              Type           Power      Damage    Failure   Level
a - Magic Dart            Conj           100%       1d8       1%          1
b - Mephitic Cloud        Conj/Pois/Air  48%        N/A       1%          3
c - Call Imp              Summ           60%        N/A       5%          2
d - Blink                 Tloc           60%        N/A       5%          2
e - Flame Wave            Conj/Fire      61%        2d14      1%          4

Your spell library contained the following spells:

 Spells                   Type           Power      Damage    Failure   Level
 Arcjolt                  Conj/Air       27%        1d37      4%          5
 Apportation              Tloc           60%        N/A       3%          1
 Summon Small Mammal      Summ           100%       N/A       3%          1
 Necrotise                Necr           96%        1d8       5%          1
 Slow                     Hex            96%        N/A       5%          1
 Cigotuvi's Dreadful Rot  Necr/Pois/Air  56%        N/A       6%          2
 Jinxbite                 Hex            48%        N/A       9%          2
 Tukima's Dance           Hex            24%        N/A       16%         3
 Passage of Golubria      Tloc           30%        N/A       34%         4
 Yara's Violent Unravell  Hex/Tmut       12%        3d7       36%         5
 Summon Ice Beast         Ice/Summ       27%        N/A       41%         4
 Alistair's Intoxication  Tmut/Pois      18%        N/A       77%         5
 Summon Mana Viper        Hex/Summ       27%        N/A       77%         5
 Monstrous Menagerie      Summ           15%        N/A       100%        7


Dungeon Overview and Level Annotations

Branches:
Dungeon (11/15)            Temple (1/1) D:5            Lair (0/5) D:8
  Sewer (visited)
    Orc: D:9-12

Altars:
Ashenzari
Cheibriados
Dithmenos
Elyvilon
Fedhas
Gozag
Hepliaklqana
Kikubaaqudgha
Makhleb
Nemelex Xobeh
Okawaru
Qazlal
Ru
Sif Muna
Trog
Uskayaw
Vehumet
Wu Jian
Xom
Yredelemnul
Zin
The Shining One

Annotations:
D:9 3 runed translucent doors, exclusion: oklob plant, croobank's ghost, novice DrMo


Message History

Vehumet accepts your kill.
You feel your power returning.
You finish channelling waves of flame.
You carefully extract the barbed spikes from your body.
You hear a shout!
An unseen horror comes into view.
Casting: Flame Wave (dangerous; 1% risk of failure)
Confirm with . or Enter, or press ? or * to list all spells.
Aiming: Mephitic Cloud (safe; 1% risk of failure)
Press: ? - help, Shift-Dir - straight line, f - unseen horror
Aim: an unseen horror (wandering, slightly transparent, hasn't noticed you, chance to affect: 67%)
The ball explodes into a vile cloud!
The stinking cloud engulfs the unseen horror but does no damage.
You hear an angry hiss.
The unseen horror is engulfed in noxious fumes.
The unseen horror appears confused.
The unseen horror is engulfed in noxious fumes.
The unseen horror appears confused.
The unseen horror is engulfed in noxious fumes.
Unknown command.
The unseen horror is engulfed in noxious fumes.
The unseen horror appears confused.
The unseen horror is engulfed in noxious fumes.
The unseen horror appears confused.
Things that are here:
a +0 long sword; a +0 chain mail; an orc corpse The unseen horror is engulfed in noxious fumes.
The unseen horror appears confused.
The unseen horror is engulfed in noxious fumes.
The unseen horror appears confused.
You see here a vampire mosquito corpse.
The unseen horror is engulfed in noxious fumes. x2
A cyclops comes into view.
The unseen horror is engulfed in noxious fumes.
The unseen horror appears confused.
You see here a +0 flail.
The unseen horror is engulfed in noxious fumes.
The cyclops throws a large rock.
The large rock barely misses the unseen horror.
The large rock hits you!
You die...

.###.........###..#
.# ####...#### #..#
.# ##### ##.## ..
#..# .. #..# ##..#
#...# #...## #..@.#
##.).# #.†.# #.))#
##.)# #x)# C).#
.☼○.# ......


You could see a cyclops and an unseen horror (invisible, confused).

Vanquished Creatures
  Erolcha (D:9)
  5 two-headed ogres
  A manticore (D:11)
  A cyclops (D:11)
  A gargoyle (D:11)
  Maggie (D:8)
  Jeremiah (D:8)
  A kobold demonologist (D:11)
  A tengu conjurer (D:11)
  3 trolls
  Grinder (D:3)
  15 yaks
  A vampire (D:8)
  2 wyverns
  3 steam dragons
  6 vampire mosquitoes (D:11)
  Edmund (D:6)
  6 water moccasins (D:8)
  2 black bears
  5 ice beasts
  5 orc warriors
  2 ogres (D:6)
  4 centaurs (D:9)
  A phantom (D:6)
  3 kobold brigands
  4 gnoll sergeants
  3 scorpions
  6 bullfrogs
  19 wights
  6 killer bees (D:9)
  4 howler monkeys
  3 orc priests
  A jelly (D:5)
  A gnoll bouda (D:4)
  A sleepcap (D:8)
  3 iguanas
  7 orc wizards
  11 adders
  16 gnolls
  3 white imps
  4 ufetubi
  3 worms
  A dart slug (D:1)
  31 orcs
  16 endoplasms
  A giant cockroach (D:1)
  6 hobgoblins
  2 jackals (D:1)
  16 kobolds
  A quokka (D:5)
  6 ball pythons
  5 bats
  A frilled lizard (D:3)
  6 goblins
  5 rats
265 creatures vanquished.

Vanquished Creatures (collateral kills)
  A water moccasin (D:6)
  A gnoll bouda (D:9)
2 creatures vanquished.

Vanquished Creatures (others)
  Psyche (D:9)
  A black bear (D:8)
2 creatures vanquished.

Grand Total: 269 creatures vanquished

Notes
Turn   | Place    | Note
-------+----------+-------------------------------------------
     0 | D:1      | pokeman the Deep Elf Hedge Wizard began the quest for the
                  | Orb.
     0 | D:1      | Reached XP level 1. HP: 10/10 MP: 7/7
   410 | D:1      | Reached XP level 2. HP: 16/16 MP: 6/9
  1475 | D:2      | Reached skill level 5 in Spellcasting
  1475 | D:2      | Reached XP level 3. HP: 20/20 MP: 6/11
  1479 | D:2      | Learned a level 3 spell: Mephitic Cloud
  1482 | D:2      | Learned a level 2 spell: Call Imp
  1485 | D:2      | Learned a level 2 spell: Blink
  1799 | D:2      | Reached skill level 1 in Armour
  1986 | D:2      | Reached skill level 1 in Fighting
  2402 | D:3      | Reached XP level 4. HP: 20/25 MP: 10/13
  2632 | D:3      | Found an ornate altar of the Wu Jian Council.
  2649 | D:3      | Found a hide-covered altar of Uskayaw.
  2909 | D:3      | Noticed Grinder
  2931 | D:3      | Paralysed by Grinder for 4 turns
  2943 | D:3      | Killed Grinder
  2944 | D:3      | Reached skill level 6 in Spellcasting
  2944 | D:3      | Reached skill level 1 in Evocations
  2944 | D:3      | Reached XP level 5. HP: 10/29 MP: 1/16
  2944 | D:3      | Reached XP level 6. HP: 12/34 MP: 1/17
  3277 | D:3      | Found an iron altar of Okawaru.
  3292 | D:3      | Found a shimmering blue altar of Sif Muna.
  3531 | D:4      | Found a broken altar of Ashenzari.
  3537 | D:4      | Reached skill level 7 in Spellcasting
  3867 | D:4      | Reached XP level 7. HP: 30/38 MP: 3/20
  3942 | D:4      | Reached skill level 1 in Air Magic
  3942 | D:4      | Reached skill level 1 in Poison Magic
  4726 | D:5      | Entered Level 5 of the Dungeon
  4865 | D:5      | Found a staircase to the Ecumenical Temple.
  4882 | D:5      | Reached skill level 8 in Spellcasting
  4914 | Temple   | Entered the Ecumenical Temple
  4926 | Temple   | Became a worshipper of Vehumet
  5215 | D:5      | Found a glowing drain.
  5227 | Sewer    | Entered a sewer
  5476 | Sewer    | Reached skill level 9 in Spellcasting
  5527 | Sewer    | Reached XP level 8. HP: 43/44 MP: 17/23
  6181 | D:6      | Reached skill level 5 in Conjurations
  6303 | D:6      | Found a sacrificial altar of Ru.
  6448 | D:6      | Reached skill level 10 in Spellcasting
  6671 | D:6      | Reached * piety under Vehumet
  6671 | D:6      | Offered knowledge of Sandblast by Vehumet.
  7023 | D:6      | Noticed Edmund
  7041 | D:6      | Killed Edmund
  7042 | D:6      | Reached skill level 11 in Spellcasting
  7208 | D:6      | Reached XP level 9. HP: 51/52 MP: 23/26
  7899 | D:6      | Reached skill level 12 in Spellcasting
  8495 | D:7      | Found a sparkling altar of Nemelex Xobeh.
  8500 | D:7      | Found a glowing silver altar of Zin.
  8506 | D:7      | Found an opulent altar of Gozag.
  8510 | D:7      | Found a snail-covered altar of Cheibriados.
  8510 | D:7      | Found a white marble altar of Elyvilon.
  8511 | D:7      | Found a stormy altar of Qazlal.
  8718 | D:8      | Reached ** piety under Vehumet
  8777 | D:8      | Offered knowledge of Static Discharge by Vehumet.
  8929 | D:8      | Reached skill level 13 in Spellcasting
  9219 | D:8      | Noticed Jeremiah
  9221 | D:8      | Noticed a two-headed ogre
  9283 | D:8      | Killed a two-headed ogre
  9284 | D:8      | Reached skill level 5 in Fighting
  9284 | D:8      | Reached XP level 10. HP: 27/59 MP: 17/29
  9677 | D:8      | Killed Jeremiah
  9678 | D:8      | Reached skill level 14 in Spellcasting
 10010 | D:8      | Found a staircase to the Lair.
 10548 | D:8      | Noticed Maggie
 10560 | D:8      | Killed Maggie
 10629 | D:8      | Found a bloodstained altar of Trog.
 10714 | D:9      | Noticed Erolcha
 10727 | D:9      | Killed Erolcha
 10728 | D:9      | Reached skill level 15 in Spellcasting
 10852 | D:9      | Offered knowledge of Inner Flame by Vehumet.
 10880 | D:9      | Reached *** piety under Vehumet
 11088 | D:9      | Found a blossoming altar of Fedhas.
 11127 | D:9      | Noticed a two-headed ogre
 11134 | D:9      | Reached XP level 11. HP: 63/63 MP: 23/32
 11173 | D:9      | Killed a two-headed ogre
 11355 | D:9      | Noticed an oklob plant
 11419 | D:9      | Reached skill level 16 in Spellcasting
 11518 | D:9      | Offered knowledge of Flame Wave by Vehumet.
 11531 | D:9      | Learned a level 4 spell: Flame Wave
 11717 | D:9      | Noticed Psyche
 11729 | D:9      | Killed Psyche
 11732 | D:9      | Reached skill level 1 in Fire Magic
 11777 | D:9      | Found a runed translucent gate.
 11779 | D:9      | Found a runed translucent gate.
 11780 | D:9      | Found a runed translucent gate.
 11781 | D:9      | Found an opulent altar of Gozag.
 11783 | D:9      | Noticed croobank's ghost (novice DrMo)
 11820 | D:9      | Identified the +4 chain mail of Polish {rC+++ Will-}
 11821 | D:9      | Found a shadowy altar of Dithmenos.
 12134 | D:9      | Noticed a centaur warrior
 12261 | D:10     | Entered Level 10 of the Dungeon
 12582 | D:10     | Identified the +0 robe "Yraff" {Str+4}
 12645 | D:10     | Noticed a two-headed ogre
 12657 | D:10     | Killed a two-headed ogre
 12658 | D:10     | Reached skill level 10 in Conjurations
 12781 | D:10     | Identified the +3 ring mail of the Monkey's Uncle {MP+9
                  | Int+3}
 13017 | D:10     | Noticed a two-headed ogre
 13032 | D:10     | Killed a two-headed ogre
 13056 | D:10     | Reached skill level 17 in Spellcasting
 13508 | D:11     | Reached skill level 5 in Armour
 13617 | D:11     | Reached **** piety under Vehumet
 13621 | D:11     | Offered knowledge of Arcjolt by Vehumet.
 13626 | D:11     | Noticed a two-headed ogre
 13631 | D:11     | Killed a two-headed ogre
 13636 | D:11     | Reached XP level 12. HP: 6/68 MP: 23/35
 13636 | D:11     | HP: 3/68 [manticore/volley of spikes (3)]
 13648 | D:11     | Hit by a large rock thrown by a cyclops

Illustrated notes

Levels and vault maps discovered:
D:1:      scummos_arrival_forest, layout_basic
D:2:      layout_basic
D:3:      layout_loops_cross, led_sif_pool, mainiacjoe_overflow_alcove_1,
          grunt_temple_overflow_open, uniq_grinder
D:4:      wander_river, layout_rooms, amcnicky_altar_gilded, serial_aquarium,
          aquarium_bridge_straight [aquarium_subvault_bridge,
          aquarium_subvault_wall, aquarium_subvault_bridge,
          aquarium_subvault_window], aquarium_window_2, aquarium_window_1,
          aquarium_window_3, aquarium_view_2c, aquarium_view_2d,
          aquarium_balcony_1b, aquarium_pool_corner, wad_orctagon
D:5:      layout_loops_cross, temple_fountains, portal_sewer_entry_d
D:6:      layout_loops_corners, nicolae_ru_sacrificial_ziggurat, uniq_edmund
D:7:      layout_rooms, minitemple, lemuel_flamethrower_1
D:8:      layout_loops_corners, lightli_temple_of_fire,
          due_lair_maze_entry_diamond, uniq_jeremiah, uniq_maggie
D:9:      kennysheep_ambush_hall, layout_loops_cross, mainiacjoe_overflow_paths,
          tgw_fedhas, ebering_ghost_gozag, uniq_erolcha, uniq_psyche
D:10:     layout_basic, grunt_decor_arrowhead
D:11:     layout_loops_cross, minmay_orc_entry_temple_small,
          minmay_pinched_square
Temple:   hellmonk_temple_of_storms

Skill      XL: |  1  2  3  4  5  6  7  8  9 10 11 |
---------------+----------------------------------+-----
Spellcasting   | 5 6 7 9 11 13 15 17 | 17.6
Armour         | 1 3 5 |  5.4
Fighting       | 1 2 3 5 |  5.1
Conjurations   | 2 3 4 6 7 9 10 | 10.5
Stealth        | 3 |  3.0
Dodging        | 3 4 |  4.0
Evocations     | 1 2 |  2.1
Air Magic      | 1 |  1.0
Poison Magic   | 1 |  1.0
Fire Magic     | 4 |  4.3
Summonings     | |  1.1
Translocations | |  1.1

Action                     |  1- 3 |  4- 6 |  7- 9 | 10-12 || total
---------------------------+-------+-------+-------+-------++-------
  Melee: Dagger            |    25 |    39 |   208 |   131 ||   403
         Punch             |       |       |     6 |     4 ||    10
         Spear             |       |       |       |    55 ||    55
   Cast: Magic Dart        |    90 |    75 |   278 |   134 ||   577
         Mephitic Cloud    |       |     9 |    27 |    48 ||    84
         Blink             |       |     4 |     4 |     3 ||    11
         Call Imp          |       |     1 |    14 |     4 ||    19
         Flame Wave        |       |       |       |    16 ||    16
  Evoke: Wand              |       |       |       |     8 ||     8
   Stab: Confused          |       |     1 |    11 |    28 ||    40
         Distracted        |       |       |     1 |       ||     1
         Sleeping          |       |       |     1 |       ||     1
         Paralysed         |       |       |       |    13 ||    13
 Armour: Robe              |    17 |    29 |   165 |   103 ||   314
         Ring mail         |       |       |       |    28 ||    28
  Dodge: Dodged            |    14 |    21 |   176 |   122 ||   333
  Block: Other             |       |       |    52 |    59 ||   111
         Reflection        |       |       |     3 |       ||     3

Table legend: (Time is in decaauts)
 A = Elapsed time spent in this place.
 B = Non-inter-level travel time spent in this place.
 C = Inter-level travel time spent in this place.
 D = Time resting spent in this place.
 E = Time spent auto-exploring this place.
 F = Levels seen in this place.
 G = Mean time per level.
                   A        B        C        D        E       F      G
               +--------+--------+--------+--------+--------+-----+--------+
         Total |  13732 |  13237 |    495 |    878 |   9756 |  13 | 1056.3 |
       Dungeon |  13174 |  12685 |    489 |    878 |   9351 |  11 | 1197.6 |
        Temple |     19 |     13 |      6 |      0 |      0 |   1 |   19.0 |
         Sewer |    538 |    538 |      0 |      0 |    404 |   1 |  538.0 |
               +--------+--------+--------+--------+--------+-----+--------+

Top non-repeatable levels by time:
     D:8: 2219 daAuts
     D:6: 1650 daAuts
     D:9: 1373 daAuts
     D:4: 1323 daAuts
     D:1: 1227 daAuts
     D:2: 1225 daAuts
    D:10: 1179 daAuts
     D:3: 1065 daAuts
     D:7: 884 daAuts
     D:5: 816 daAuts
   Sewer: 538 daAuts
    D:11: 208 daAuts
  Temple: 19 daAuts
